 Dungeon Crawl Stone Soup version 0.26-a0-540-g8a0c9464d7 (webtiles) character file.

Game seed: 9455161914951342482

198 Gorglomux the Skirmisher (level 5, 1/46 HPs)
             Began as a Palentonga Fighter on Aug 21, 2020.
             Quit the game on level 4 of the Dungeon.
             The game lasted 00:04:16 (3658 turns).

Gorglomux the Skirmisher (Palentonga Fighter)       Turns: 3658, Time: 00:04:17

Health: 1/46       AC:  6    Str: 18    XL:     5   Next: 47%
Magic:  5/5        EV:  7    Int:  9    God:
Gold:   173        SH:  4    Dex:  9    Spells: 4/4 levels left

rFire    . . .     SeeInvis +   q - +0 hand axe (freeze)
rCold    . . .     Faith    .   o - +0 buckler
rNeg     . . .     Spirit   .   b - +0 scale mail
rPois    +         Reflect  .   (no helmet)
rElec    .         Harm     .   (no cloak)
rCorr    .                      (no gloves)
MR       .....                  (boots restricted)
Stlth    ..........             p - amulet of the acrobat
HPRegen  0.15/turn              (no ring)
MPRegen  0.09/turn              (no ring)

@: brilliant, lethally poisoned (1 -> -7)
A: large, rugged brown scales 3, see invisible, deformed body, poison
resistance, weak 1, roll, armoured tail
a: Rolling Charge


You were on level 4 of the Dungeon.
You visited 1 branch of the dungeon, and saw 4 of its levels.

You collected 173 gold pieces.

Inventory:

Hand Weapons
 a - a +0 war axe
 f - a +2 dagger of venom
 q - a +0 hand axe of freezing (weapon)
Armour
 b - a +0 scale mail (worn)
 c - a +0 kite shield
 o - a +0 buckler (worn)
Jewellery
 p - an amulet of the acrobat (around neck)
 r - an uncursed amulet of guardian spirit {unknown}
Wands
 E - a wand of enslavement (10)
Scrolls
 i - a scroll of random uselessness {unknown}
 j - a scroll of enchant weapon {unknown}
 n - a scroll of amnesia {unknown}
 M - a scroll of magic mapping
 R - 3 scrolls of identify
 T - a scroll of teleportation
 W - 2 scrolls of remove curse
Potions
 d - 3 potions of might
 l - a potion of flight


   Skills:
 + Level 4.9 Fighting
 + Level 4.3 Axes
 - Level 2.4 Armour
 - Level 2.4 Shields


You had 4 spell levels left.
You didn't know any spells.
Your spell library was empty.

Dungeon Overview and Level Annotations

Branches:
Dungeon (4/15)
 Temple: D:4-7

Altars:
Dithmenos
Elyvilon
Gozag
Ru
Sif Muna
Vehumet
Zin


Innate Abilities, Weirdness & Mutations

You are completely covered in rugged brown scales. (AC +3, +7% HP)
You have supernaturally acute eyesight. (SInv)
Armour fits poorly on your strangely shaped body.
You can roll at foes to attack.
You have a long armoured tail.
Your system is resistant to poisons. (rPois)
You are weak. (Str -2)


Message History

The worker ant is almost dead.
The worker ant bites you.
You are more poisoned.
The worker ant poisons you!
You barely miss the worker ant.
Your tail-slap misses the worker ant.
The worker ant is almost dead.
You feel sick. The worker ant bites you.
* * * LOW HITPOINT WARNING * * *
You are more poisoned.
The worker ant poisons you!
You are too injured to fight recklessly!
You are too injured to fight recklessly!
You are too injured to fight recklessly!
You hit the worker ant. You freeze the worker ant.
You kill the worker ant!
* * * LOW HITPOINT WARNING * * *
You feel sick.
It was a potion of brilliance.
You feel clever all of a sudden.
* * * LOW HITPOINT WARNING * * *
You feel sick.
Really quaff the potion of mutation?
You feel extremely strange.
You feel weaker.
You feel resistant to poisons.
* * * LOW HITPOINT WARNING * * *
You feel sick.
Okay, then.
As you read the scroll labeled SEOHEU MYTHUMU, it crumbles to dust.
The air around you briefly surges with heat, but it dissipates.
It was a scroll of immolation.
* * * LOW HITPOINT WARNING * * *
You feel sick.
As you read the scroll labeled HEEFIFROMIC, it crumbles to dust.
You feel strangely unstable.
It was a scroll of teleportation.
T - a scroll of teleportation
* * * LOW HITPOINT WARNING * * *
You feel sick.
Okay, then.
* * * LOW HITPOINT WARNING * * *
You feel sick.
Your surroundings suddenly seem different.
* * * LOW HITPOINT WARNING * * *
You feel sick.
As you read the scroll labeled SIYVIFU CETZA, it crumbles to dust.
You feel aware of your surroundings.
You sensed 1 altar.
It was a scroll of magic mapping.
M - a scroll of magic mapping
* * * LOW HITPOINT WARNING * * *
You feel sick.
Are you sure you want to abandon this character and quit the game? (Confirm with "yes".)

##### #########...#
#.........#<#
#.###...#...######
..##......#...##@###
#####...#####......#
....##....#........##
###.##.##.#.#.......##
# #.##.##............#
###.##'######.......##
....#...## ##.....##
##.......## ##...##
##....<...## ##.##


There were no monsters in sight!

Vanquished Creatures
  An orc priest (D:3)
  An iguana (D:4)
  A worker ant (D:4)
  5 adders
  A shadow imp (D:3)
  An ooze (D:2)
  2 worms
  A dart slug (D:3)
  A leopard gecko (D:2)
  8 orcs
  6 bats
  4 giant cockroaches
  7 goblins
  2 hobgoblins
  6 frilled lizards
  4 kobolds
  3 rats
54 creatures vanquished.

Notes
Turn   | Place    | Note
-------+----------+-------------------------------------------
     0 | D:1      | Gorglomux the Palentonga Fighter began the quest for the
                  | Orb.
     0 | D:1      | Reached XP level 1. HP: 19/19 MP: 1/1
   340 | D:1      | Reached XP level 2. HP: 22/25 MP: 2/2
  1171 | D:2      | Reached XP level 3. HP: 30/31 MP: 3/3
  1271 | D:2      | Found a white marble altar of Elyvilon.
  1274 | D:2      | Found a radiant altar of Vehumet.
  1315 | D:2      | Reached skill level 3 in Axes
  1318 | D:2      | Found a sacrificial altar of Ru.
  1705 | D:2      | Found a glowing silver altar of Zin.
  1705 | D:2      | Found a shimmering blue altar of Sif Muna.
  1766 | D:3      | Found a faded altar of an unknown god.
  1930 | D:3      | Reached XP level 4. HP: 34/39 MP: 4/4
  1931 | D:3      | Found a shadowy altar of Dithmenos.
  2875 | D:3      | Found an opulent altar of Gozag.
  3004 | D:4      | Reached XP level 5. HP: 46/46 MP: 5/5
  3652 | D:4      | Gained mutation: You are weak. (Str -2) [potion of
                  | mutation]
  3652 | D:4      | Gained mutation: Your system is resistant to poisons.
                  | (rPois) [potion of mutation]
  3656 | D:4      | HP: 2/46 [poisoned by a worker ant]
  3658 | D:4      | Quit the game

Illustrated notes

Levels and vault maps discovered:
D:1:      wander_arrival_abandoned_jail, layout_loops_ring, serial_forest,
          infiniplex_forest_join, infiniplex_forest_lined_room_2,
          infiniplex_forest_lined_corner, infiniplex_forest_clump_diagonal,
          infiniplex_forest_corner_2, infiniplex_forest_lined_3,
          infiniplex_forest_clump_large, infiniplex_forest_3_way,
          infiniplex_forest_clump_C
D:2:      layout_basic, hangedman_ru_absence, gammafunk_temple_overflow_pools,
          minitemple
D:3:      layout_basic, grunt_gozag_breadcrumbs, old_standard_altar,
          chequers_ecumenical_altar_simple_redux
D:4:      layout_loops_corners, lemuel_round_altar

Skill      XL: |  1  2  3  4 |
---------------+-------------+-----
Axes           | 3 4 |  4.3
Fighting       | 4 |  4.9
Armour         | |  2.4
Shields        | |  2.4

Action                   |  1- 3 |  4- 6 || total
-------------------------+-------+-------++-------
Melee: War axe           |    35 |       ||    35
       Dagger            |    71 |    20 ||    91
       Tailslap          |     6 |    14 ||    20
       Hand axe          |       |    77 ||    77
 Abil: Rolling Charge    |    19 |    15 ||    34
  Use: Potion            |     1 |     2 ||     3
       Scroll            |       |     7 ||     7
Armor: Scale mail        |    36 |    21 ||    57
Dodge: Dodged            |    27 |    36 ||    63
Block: Kite shield       |    35 |       ||    35
       Buckler           |     2 |    12 ||    14

Table legend: (Time is in decaauts)
 A = Elapsed time spent in this place.
 B = Non-inter-level travel time spent in this place.
 C = Inter-level travel time spent in this place.
 D = Time resting spent in this place.
 E = Time spent auto-exploring this place.
 F = Levels seen in this place.
 G = Mean time per level.
                   A        B        C        D        E       F      G
               +--------+--------+--------+--------+--------+-----+--------+
         Total |   3684 |   3579 |    105 |    699 |   2432 |   4 |  921.0 |
       Dungeon |   3684 |   3579 |    105 |    699 |   2432 |   4 |  921.0 |
               +--------+--------+--------+--------+--------+-----+--------+

Top non-repeatable levels by time:
     D:3: 1243 daAuts
     D:1: 904 daAuts
     D:2: 876 daAuts
     D:4: 660 daAuts
